[Event "Fagernes Chess GM-Swiss 2024"]
[Site "Fagernes"]
[Date "2024.03.27"]
[Round "4.2"]
[White "Elmi, Saad Abobaker"]
[Black "Ganguly, Surya Shekhar"]
[Result "0-1"]
[ECO "C50"]
[WhiteElo "2344"]
[BlackElo "2574"]
[Annotator "TA"]
[PlyCount "60"]
[EventDate "2024.03.25"]
[EventType "swiss"]
[EventCountry "NOR"]
[SourceTitle "playchess.com"]
[Source "ChessBase"]
[SourceQuality "1"]
[TimeControl "40/6000+30:2400+30"]

1. e4 e5 2. Nf3 Nc6 3. Bc4 Nf6 4. d3 Bc5 5. a4 d6 6. a5 a6 7. c3 h6 8. Be3 {[%emt 0:05:33] The position is equal.} Bxe3 9. fxe3 Ne7 10. O-O Ng6 11. Nbd2 O-O 12. Qe1 c6 13. Nh4 Nxh4 14. Qxh4 b5 15. axb6 d5 $1 16. Bb3 Rb8 17. Rf3 {[%emt 0:20:40] Raf1 is the strong threat.} Be6 18. Raf1 Nd7 19. Qxd8 Rfxd8 20. exd5 cxd5 21. Ra1 Rxb6 22. Ra5 (22. d4 $1 $15) 22... e4 $1 $17 23. Rf1 (23. Rf4 $17) 23... exd3 $19 24. Bxd5 Rxb2 25. Bxe6 fxe6 (25... Rxd2 $2 26. Rxf7 (26. Bxf7+ Kf8 $18) 26... Re8 27. Rf2+ (27. Rxd7+ Rxe6 28. h4 Rg6 $19) (27. Bxd7 Kxf7 28. Bxe8+ Kxe8 $11) (27. Rxa6 $2 Rxe6 28. Rxe6 Kxf7 $19) (27. Bd5 Nb6 $18) 27... Rxe6 28. Rxd2 $18) 26. Ne4 {[%emt 0:00:38] [#]} (26. Rd1 {is the only way for White.}) 26... Nf6 27. Nxf6+ $17 {[%emt 0:01:01] Black is clearly better.} gxf6 28. Rxa6 Re2 29. Raa1 (29. Rxf6 $2 d2 (29... Rxe3 30. Ra1 $11) 30. Ra1 d1=Q+ $19 (30... d1=B $2 31. Rg6+ Kf8 32. Kf1 $19) (30... d1=R+ $2 31. Rf1 $19)) 29... d2 {[%emt 0:04:44] aiming for ...Rd3. Black is much more active.} ({Don't take} 29... Rxe3 30. Rxf6 Re2 (30... d2 31. Kf2 $11) 31. Rg6+ Kf7 32. Rxh6 $11) 30. Rad1 Kf7 {[%emt 0:00:23] Weighted Error Value: White=0.27 (precise) /Black=0.14 (very precise) .  Missed win:     	---       	Black=1      Mistake:       	White=3     	---        Inaccurate:     	White=2     	---        OK:         	White=5     	Black=7      Best:        	White=3     	Black=3      Strong:       	---       	Black=2} ({Much weaker is} 30... Rxe3 $6 31. Rxf6 Rxc3 32. Kf2 $11) 0-1

[Event "Fagernes Chess GM-Swiss 2024"]
[Site "Fagernes"]
[Date "2024.03.27"]
[Round "4.3"]
[White "Urkedal, Frode Olav Olsen"]
[Black "Trost, Edvin"]
[Result "1-0"]
[ECO "C80"]
[WhiteElo "2536"]
[BlackElo "2432"]
[Annotator "TA"]
[PlyCount "65"]
[EventDate "2024.03.25"]
[EventType "swiss"]
[EventCountry "NOR"]
[SourceTitle "playchess.com"]
[Source "ChessBase"]
[SourceQuality "1"]
[TimeControl "40/6000+30:2400+30"]

1. e4 e5 2. Nf3 Nc6 3. Bb5 a6 4. Ba4 Nf6 5. O-O Nxe4 6. d4 b5 7. Bb3 d5 8. dxe5 Be6 9. Nbd2 Nc5 10. c3 d4 11. Bxe6 Nxe6 12. Nxd4 Ncxd4 13. cxd4 Qxd4 14. Qc2 {[%emt 0:14:37] Die Stellung ist ausgeglichen.} Qc5 15. Qf5 g6 16. Qf3 Rd8 (16... O-O-O $1 $11) 17. Ne4 $16 Qxe5 {[%emt 0:00:13] [#]} 18. Ng5 Qf5 {[%emt 0:28:52] Weiss muss nun ...Qxf3 beachten.} (18... Nxg5 $6 19. Qc6+ Rd7 20. Bxg5 Qxg5 21. Rfe1+ Be7 22. Rad1 $16 (22. Qxa6 $2 O-O $19)) 19. Qc6+ Rd7 20. Qa8+ Rd8 21. Qc6+ Rd7 22. Nxe6 fxe6 (22... Qxe6 $2 23. Qc3 f6 24. Re1 $18) 23. Re1 (23. Rd1 $11 Bd6 24. Be3 (24. Qxa6 Bxh2+ 25. Kxh2 Rxd1 $15)) 23... Bd6 $2 {[%emt 0:02:49] Verliert die Partie.} (23... Qd5 $1 $15 {behält die Oberhand.} 24. Qc2 (24. Qxe6+ Qxe6 25. Rxe6+ Kf7 $15) (24. Qxa6 Bb4 $17) (24. Rxe6+ Kf7 $17) 24... Bb4) 24. Bh6 $1 $18 {[%emt 0:01:09][%cal Oh2h4][%mdl 1024] h4! wäre nun fies. Weiss hat starke Kompensation.} (24. Qxa6 O-O 25. Be3 Qd5 $11) 24... Rg8 {[%emt 0:04:25] [#]} (24... Ke7 $142) 25. h4 $1 (25. Qxa6 g5 26. Qc8+ Rd8 27. Rxe6+ (27. Qxe6+ Qxe6 28. Rxe6+ Kf7 $11) 27... Kf7 $11) 25... b4 26. Rad1 {[%emt 0:00:09][%cal Oh6g5] Und Bg5! würde nun gewinnen.} (26. Qxa6 Bc5 27. Be3 (27. Rxe6+ Kf7 $16) (27. Qxe6+ Qxe6 28. Rxe6+ Kf7 $18) 27... Rf8 $16) 26... Qb5 27. Qe4 (27. Rxe6+ Kf7 28. Qf3+ (28. Qe4 Qf5 $11) 28... Qf5 $14 (28... Kxe6 29. Qb3+ Kf6 30. Qxg8 $16)) 27... Qf5 {[%emt 0:00:20] [#]} (27... Re7 {ist eine bessere Verteidigung.} 28. Bg5 Rgg7) 28. Qc4 $1 (28. Qxe6+ Qxe6 29. Rxe6+ Kd8 $16) 28... Ke7 (28... Rf8 $142 29. Rxe6+ (29. Qxe6+ Re7 $15) (29. Bxf8 Kxf8 30. Rxe6 Bh2+ 31. Kxh2 Rxd1 $18) 29... Be7) 29. Bg5+ (29. Qxa6 Rb8 $18) 29... Kf8 30. Rxe6 (30. Rxd6 $142 cxd6 31. Qc8+ (31. Qxa6 Kg7 $17) (31. Rxe6 Rc7 $18) 31... Kg7 32. Qxd7+ Qf7 33. Bh6+ (33. Qxe6 Qxe6 34. Rxe6 Ra8 $18) (33. Qxd6 h6 $18) 33... Kf6 34. Qxd6 Qe8 35. Bg5+ (35. Qxb4 g5 $18) 35... Kg7 36. Rxe6 (36. Qxb4 Rf8 $18) (36. Qe5+ Kf8 37. Rd1 Rg7 38. Qf6+ Kg8 39. Rd8 h6 40. Bxh6 Rf7 41. Rxe8+ Kh7 42. Qh8#)) 30... Qb5 {[%emt 0:01:20] [#]} 31. Re8+ $3 {[%emt 0:00:11][%mdl 512] Weiß setzt Matt.} Kxe8 32. Qxg8+ Bf8 33. Re1+ {[%emt 0:00:08] Gewichteter Fehlerwert: Weiß=0.22 (präzise) /Schwarz=0.98.  Verlustzug:     	---       	Schwarz=1     Fehler:       	Weiß=2     	Schwarz=4     Ungenau:       	---       	Schwarz=4     OK:         	Weiß=5     	Schwarz=4     Bester:       	Weiß=2     	Schwarz=2     Stark:        	Weiß=3     	---} 1-0

[Event "Fagernes Chess GM-Swiss 2024"]
[Site "Fagernes"]
[Date "2024.03.27"]
[Round "4.4"]
[White "Johansson, Linus"]
[Black "Kulaots, Kaido"]
[Result "1/2-1/2"]
[ECO "D35"]
[WhiteElo "2427"]
[BlackElo "2534"]
[Annotator "TA"]
[PlyCount "74"]
[EventDate "2024.03.25"]
[EventType "swiss"]
[EventCountry "NOR"]
[SourceTitle "playchess.com"]
[Source "ChessBase"]
[SourceQuality "1"]
[TimeControl "40/6000+30:2400+30"]

1. d4 Nf6 2. c4 e6 3. Nc3 d5 4. cxd5 exd5 5. Bg5 Bb4 6. e3 h6 7. Bxf6 Qxf6 8. Qa4+ Nc6 9. Bb5 Bxc3+ 10. bxc3 Bd7 11. Nf3 O-O 12. O-O a6 13. Bxc6 Bxc6 14. Qb3 Qd6 15. a4 b5 16. a5 Bd7 17. Qb4 Bf5 18. Ne5 c5 19. Qxc5 Qxc5 20. dxc5 Rac8 {[%emt 0:00:44] Dodges Nc6} 21. c6 Rfe8 (21... f6 22. Nf3 $15 (22. Nd7 Bxd7 23. cxd7 Rc5 $15)) 22. Nf3 ({Don't play} 22. f4 Be4 (22... f6 23. Nf3 $11) 23. Ra3 f6 $17) 22... Rxc6 23. Nd4 Rf6 24. Rfd1 Rc8 25. Ra3 g5 26. Kf1 Kf8 27. Ke2 Ke7 28. f3 Bg6 29. Rd2 Rd6 30. Rb2 Rd7 31. Kd2 Rdc7 32. Rb4 Kd6 33. Ne2 Rc4 {[%emt 0:01:49] White must now prevent ...Rxb4.} 34. Nd4 ({Better is} 34. Rab3 $11) 34... Kc5 (34... Bh7 $15) 35. Nb3+ Kd6 (35... Kc6 $11) 36. Nd4 $15 Kc5 37. Nb3+ Kd6 {[%emt 0:00:06] Weighted Error Value: White=0.10 (very precise) /Black=0.11 (very precise) .  Mistake:       	White=1     	Black=2      Inaccurate:     	White=2     	Black=3      OK:         	White=10    	Black=8      Best:        	White=2     	Black=2} 1/2-1/2

[Event "Fagernes Chess GM-Swiss 2024"]
[Site "Fagernes"]
[Date "2024.03.27"]
[Round "4.5"]
[White "Koelle, Tobias"]
[Black "Ingebretsen, Jens E"]
[Result "0-1"]
[ECO "D41"]
[WhiteElo "2460"]
[BlackElo "2402"]
[Annotator "TA"]
[PlyCount "120"]
[EventDate "2024.03.25"]
[EventType "swiss"]
[EventCountry "NOR"]
[SourceTitle "playchess.com"]
[Source "ChessBase"]
[SourceQuality "1"]
[TimeControl "40/6000+30:2400+30"]

1. d4 Nf6 2. c4 e6 3. Nf3 d5 4. Nc3 c5 5. cxd5 Nxd5 6. e4 Nxc3 7. bxc3 cxd4 8. cxd4 Bb4+ 9. Bd2 Bxd2+ 10. Qxd2 O-O 11. Bc4 Nd7 12. O-O {[%emt 0:00:06] D41: Queen's Gambit Declined: Semi-Tarrasch with 5 cxd5.} b6 13. d5 Nc5 14. Rfe1 Bb7 15. Rad1 exd5 {[%emt 0:27:54] has lost popularity (15...Qf6).} 16. Bxd5 Qe7 17. Nd4 Rad8 18. Nf5 Qf6 19. Qc2 $146 ({Predecessor:} 19. Qf4 g6 20. Bxf7+ Kh8 21. Qh6 Qxf7 22. Nh4 Rxd1 23. Nxg6+ Kg8 {0-1 Wongsawan,T (1837)-Kulpruethanon,T (2282) Bangkok Olympiad Qual 2022 (4)}) 19... Bc8 20. Nd4 Bd7 21. Re3 Ba4 22. Nb3 Rc8 23. Qe2 Qe5 24. h3 Rc7 25. Qg4 Bd7 26. Qh4 Nxb3 27. axb3 (27. f4 $5 Qe8 28. axb3 $11) 27... Be6 28. Rg3 Rd7 29. f4 Qb2 30. f5 Bxd5 $1 31. f6 g6 $1 32. exd5 Rd6 33. Rf3 Qe5 (33... Re8 {simplifies} 34. Qf4 Qe5 35. Qxe5 Rxe5 36. Rc3 Re8) 34. Rdf1 $1 h5 (34... Rxd5 $2 35. Qh6 $18) 35. Rf5 $1 Qe3+ (35... gxf5 36. Qg5+ Kh8 37. Qg7#) 36. Kh2 $1 Rfd8 (36... gxf5 $2 37. Rf3 Qh6 38. Qg3+ (38. Rxf5 $2 Rfd8 $19) 38... Kh7 39. Qxd6 $16) 37. R1f3 (37. Re1 $1 $11 {remains equal.} Qd3 (37... Qxb3 38. Rxh5) 38. Ree5 Rxd5 (38... gxf5 39. Qg5+ Kh8 40. Qg7#) 39. Rxh5 gxh5 40. Qg5+ Qg6 41. Rxd5 Rxd5 42. Qxd5) 37... Qh6 $17 38. Qg3 (38. Re5 $15) 38... Rxd5 $17 39. Rxd5 Rxd5 40. Re3 Rf5 41. Re8+ Kh7 42. Qb8 Qf4+ ({Stronger than} 42... Rxf6 43. Rh8+ Kg7 44. Qg8#) 43. Qxf4 Rxf4 44. Re7 Rxf6 45. Rxa7 h4 46. Ra4 g5 47. Rb4 Kg6 48. Rb5 Rc6 49. Kg1 f5 50. Kf2 $2 (50. Rb4 $17) 50... g4 $1 $19 51. hxg4 (51. Ke3 $142 Re6+ 52. Kd3) 51... fxg4 $19 52. Rb4 Kf5 53. Rb5+ Rc5 54. Rxb6 Rc2+ $1 55. Kf1 Kf4 56. Rf6+ Kg3 57. Kg1 Rc1+ 58. Rf1 {[%emt 0:00:07] [#]} Rxf1+ $1 59. Kxf1 {[%emt 0:00:01] [#]} Kh2 $1 60. b4 g3 0-1

[Event "Fagernes Chess GM-Swiss 2024"]
[Site "Fagernes"]
[Date "2024.03.27"]
[Round "4.6"]
[White "Sidhant, Mohapatra"]
[Black "Chasin, Nico"]
[Result "1-0"]
[ECO "B22"]
[WhiteElo "2379"]
[BlackElo "2447"]
[Annotator "TA"]
[PlyCount "117"]
[EventDate "2024.03.25"]
[EventType "swiss"]
[EventCountry "NOR"]
[SourceTitle "playchess.com"]
[Source "ChessBase"]
[SourceQuality "1"]
[TimeControl "40/6000+30:2400+30"]

1. e4 c5 2. c3 Nf6 3. e5 Nd5 4. Nf3 Nc6 5. Bc4 e6 6. O-O Be7 7. d4 cxd4 8. cxd4 d6 9. Re1 O-O 10. Bxd5 exd5 11. Nc3 dxe5 12. Nxe5 Nxe5 13. Rxe5 {[%emt 0:00:06] B22: Sicilian: 2 c3.} Be6 14. Re1 Qb6 $146 ({Predecessor:} 14... Bf6 15. Bf4 Qb6 16. Be5 Bxe5 17. Rxe5 Qxb2 18. Nxd5 Bxd5 19. Rxd5 Rac8 20. Rc5 Rfd8 21. Rxc8 Rxc8 {½-½ Zamhoefer,L (1488)-Klonov,J (1158) GER-chT U14 Verden an der Aller 2017 (7.4)}) 15. Na4 Qb4 16. a3 Qb5 17. Nc3 Qb6 18. Na4 Qc6 19. Be3 b6 20. Nc3 Rac8 21. Qf3 Qd7 22. Qg3 Rc4 23. Ne2 Bf5 24. h4 a5 (24... Rc2 $17) 25. h5 Rc2 26. h6 g6 27. Nc3 Rd8 (27... f6 $11) 28. Rac1 (28. Bg5 $1 $16 f6 29. Qe3) 28... Rxc1 $11 29. Bxc1 Kf8 $1 30. Bf4 (30. Qe5 $5 f6 $8 31. Qe2 $11) 30... Qc6 (30... Re8 $11 {keeps the balance.}) 31. Qe3 $1 $16 Rd7 32. f3 $1 Qe6 33. Qd2 Qf6 34. Be5 Qh4 35. Bg7+ Kg8 36. Nb5 Bd3 37. Nc3 Bf5 $1 38. Re2 Be6 39. Nb5 (39. Qe1 {simplifies} Qxe1+ 40. Rxe1 Rd6 41. Kf2) 39... Bg5 40. Qe1 Qf4 (40... Qxe1+ $1 $11 41. Rxe1 Re7) 41. Be5 Qf5 (41... Qc1 $14) 42. Nd6 Qd3 $2 {[%emt 0:02:59] [#]} (42... Rxd6 {is tougher.} 43. Bxd6 Bxh6) 43. Ne8 $2 (43. f4 $1 $18 Bxh6 44. Re3 (44. Ne8 Kf8 $18)) 43... Kf8 (43... Re7 $16 44. Nf6+ Bxf6 45. Bxf6 Re8) 44. Nf6 $18 Bxf6 45. Bxf6 Qf5 {[%emt 0:00:25] [#]} 46. Bg7+ $1 Ke7 47. Qc3 Qf4 48. Rc2 $2 (48. Be5 $18 Qxh6 49. Bc7) 48... Rd8 (48... f6 $14) 49. Re2 (49. Be5 $16 Qxh6 50. Qc7+ Rd7 51. Bd6+ (51. Qxb6 Qe3+ 52. Kh2 Qh6+ 53. Kg1 Qe3+ 54. Rf2 f6 $14) 51... Kf6 52. Qxb6 (52. Be5+ Ke7 $16) 52... Qe3+ 53. Kf1 Qd3+ 54. Re2 Rxd6 55. Qxd6 Qd1+ 56. Kf2 Qxd4+ 57. Kg3) 49... Qb8 (49... Rd7 $1 $11) 50. Be5 $16 Qb7 51. Qe3 Rc8 52. Qg5+ Kd7 53. Bf4 Rc4 $2 (53... b5 $16 {was called for.} 54. Qe5 Qb6) 54. Qf6 $18 Kc6 $2 (54... g5) 55. b3 $18 Rc3 56. Rxe6+ fxe6 57. Qxe6+ Kb5 58. Qe2+ Kc6 59. Qd2 1-0

[Event "Fagernes Chess GM-Swiss 2024"]
[Site "Fagernes"]
[Date "2024.03.27"]
[Round "4.7"]
[White "Willow, Jonah B"]
[Black "Panda Sambit"]
[Result "1/2-1/2"]
[ECO "B12"]
[WhiteElo "2446"]
[BlackElo "2377"]
[Annotator "RC"]
[PlyCount "182"]
[EventDate "2024.03.25"]
[EventType "swiss"]
[EventCountry "NOR"]
[SourceTitle "playchess.com"]
[Source "ChessBase"]
[SourceQuality "1"]
[TimeControl "40/6000+30:2400+30"]

1. e4 c6 2. d4 d5 3. e5 Bf5 4. Nf3 e6 5. Be2 Nd7 6. O-O a5 7. a4 f6 8. Nbd2 Nh6 9. Nb3 Nf7 10. Re1 g5 11. Bd2 Bg7 12. Bd3 Bxd3 13. cxd3 O-O 14. exf6 Qxf6 15. h3 e5 16. Bc3 Qf4 17. Bxa5 e4 18. Bd2 Qf5 19. dxe4 dxe4 20. Nh2 Nd6 21. Be3 Nf6 22. Rf1 h5 23. Rc1 Qg6 24. Nc5 Nd5 25. Qb3 Rf7 26. Rfe1 Kh7 27. Qc2 Re8 28. Nf1 Bf6 29. a5 Rg7 30. Qd1 Reg8 31. a6 bxa6 32. Nxa6 g4 33. hxg4 Qxg4 34. Qxg4 Rxg4 35. g3 h4 36. Rxc6 hxg3 37. fxg3 Nf5 38. Kf2 Nfxe3 39. Rxf6 Nxf6 40. Nxe3 R4g6 41. Nc5 Rb8 42. Nc4 Rf8 43. Kg2 Rfg8 44. Rh1+ Rh6 45. Ra1 Rhg6 46. Rh1+ Rh6 47. Ra1 Rh5 48. Ne5 e3 49. Ne6 Rf5 50. Rh1+ Rh5 51. Re1 Nd5 52. Kf3 Rh6 53. Nf4 Nxf4 54. gxf4 Rb8 55. Ke4 Rxb2 56. Rxe3 Kg7 57. Rg3+ Kf8 58. Ra3 Rb7 59. Kf5 Rd6 60. Ra4 Rb5 61. Ke4 Rb1 62. Nd3 Rd1 63. f5 Kg7 64. Ke5 Rf6 65. Ra7+ Rf7 66. f6+ Kg8 67. Ra3 Rf1 68. Nf4 Rd7 69. Rg3+ Kf7 70. d5 Rxf4 71. Rg7+ Ke8 72. Rg8+ Kf7 73. Rg7+ Ke8 74. Rxd7 Rxf6 75. Rd6 Rf7 76. Re6+ Kd7 77. Rd6+ Ke8 78. Ra6 Re7+ 79. Kd6 Rd7+ 80. Ke6 Re7+ 81. Kd6 Rd7+ 82. Kc6 Ke7 83. Kc5 Rc7+ 84. Rc6 Rb7 85. Re6+ Kd7 86. Rd6+ Ke7 87. Rh6 Rc7+ 88. Kb6 Rc1 89. Rc6 Rd1 90. d6+ Rxd6 91. Rxd6 Kxd6 1/2-1/2

[Event "Fagernes Chess GM-Swiss 2024"]
[Site "Fagernes"]
[Date "2024.03.27"]
[Round "4.8"]
[White "Puranik, Abhimanyu"]
[Black "Celik, Hasan Huseyin"]
[Result "1-0"]
[ECO "C18"]
[WhiteElo "2618"]
[BlackElo "2417"]
[Annotator "TA"]
[PlyCount "103"]
[EventDate "2024.03.25"]
[EventType "swiss"]
[EventCountry "NOR"]
[SourceTitle "playchess.com"]
[Source "ChessBase"]
[SourceQuality "1"]
[TimeControl "40/6000+30:2400+30"]

1. e4 e6 2. d4 d5 3. Nc3 Bb4 4. e5 c5 5. a3 Bxc3+ 6. bxc3 Ne7 7. Qg4 Qc7 8. Bd3 cxd4 9. Ne2 dxc3 10. Qxg7 Rg8 11. Qxh7 Qxe5 12. Bf4 Qf6 13. h4 Nd7 {[%emt 0:00:08][%cal Og8h8] [#] Strongly threatening ...Rh8!} 14. Bg5 Qh8 15. Qxh8 Rxh8 {[%emt 0:00:19] White has an edge.} 16. Nxc3 a6 {[%emt 0:00:14] Prevents Nb5.} 17. O-O-O f6 18. Be3 b5 19. f4 {[%emt 0:00:52] Repels Ne5} Bb7 20. h5 Kf7 21. f5 exf5 22. Ne2 d4 23. Nxd4 Bxg2 24. Rhg1 (24. Rh4 $5) 24... Bh3 (24... Be4 25. h6 Rag8 26. Rxg8 Rxg8 27. Bxe4 fxe4 28. Nxb5 axb5 29. Rxd7 $14) 25. h6 Rag8 {[%emt 0:05:15] Inhibits Rg7+.} 26. a4 Ne5 {[%emt 0:13:12] With the idea ...Bg4.} (26... Bg4 {with more complications.} 27. Rdf1 Ne5 28. Bxf5 Bxf5 29. Rxg8 Rxg8 30. Nxf5 Nxf5 31. Rxf5 bxa4 32. Rf4 a3) 27. axb5 {[%emt 0:09:33] And now Rxg8 would win.} (27. Rxg8 {is more complex.} Rxg8 28. axb5 Bg4 29. Rf1) 27... Nxd3+ (27... Bg4 {seems wilder.} 28. Rd2 axb5 29. Nxb5 Nd5) 28. Rxd3 axb5 29. Rxg8 Nxg8 30. Bf4 Bg4 31. Nxb5 {[%emt 0:05:59] Threatens to win with Rd7+.} Nxh6 32. c4 Be2 33. Nd6+ Kg6 34. Rg3+ Bg4 35. c5 Nf7 36. Nxf7 Kxf7 $11 {[%emt 0:01:30][%mdl 4096] Endgame. KRB-KRB} 37. c6 Rc8 38. c7 {[%emt 0:00:09][%mdl 1024] White has compensation.} Ke7 39. Rd3 Bh5 40. Kb2 Be8 41. Kc3 Bc6 42. Kb4 Be4 43. Rd2 Ra8 $2 {[%emt 0:06:02][%mdl 8192] [#] Loses the game.} (43... Rg8 $14) 44. Kc5 $1 $18 {[%emt 0:01:00] White is clearly winning.} Rc8 45. Kb6 Bf3 46. Rd3 Be4 47. Rd4 Bf3 48. Bd2 {[%emt 0:00:00] Bc3 is the strong threat.} Ba8 (48... f4 $142 49. Bb4+ (49. Bxf4 Re8 $16) (49. Rxf4 Bd5 $16) 49... Ke8 50. Rxf4 Kd7 51. Rxf6 (51. Rxf3 Rxc7 52. Rxf6 Rc2 $18) 51... Rxc7) 49. Bc3 {[%emt 0:00:00][%cal Od4d8] aiming for Rd8!} Ke8 50. Rd2 f4 51. Bxf6 {[%emt 0:00:00] White threatens Rd8+ and mate.} Kf7 52. Bh4 {[%emt 0:00:00] Weighted Error Value: White=0.06 (flawless) /Black=0.25 (precise) .  Loses game:     	---       	Black=1      Mistake:       	---       	Black=1      Inaccurate:     	White=3     	Black=2      OK:         	White=18    	Black=14     Best:        	White=3     	Black=3      Strong:       	White=1     	---} 1-0

[Event "Fagernes Chess GM-Swiss 2024"]
[Site "Fagernes"]
[Date "2024.03.27"]
[Round "4.9"]
[White "Sasikiran, Krishnan"]
[Black "Narva, Mai"]
[Result "1-0"]
[ECO "E20"]
[WhiteElo "2578"]
[BlackElo "2399"]
[Annotator "TA"]
[PlyCount "95"]
[EventDate "2024.03.25"]
[EventType "swiss"]
[EventCountry "NOR"]
[SourceTitle "playchess.com"]
[Source "ChessBase"]
[SourceQuality "1"]
[TimeControl "40/6000+30:2400+30"]

1. d4 Nf6 2. c4 e6 3. Nc3 Bb4 4. f3 c5 5. d5 b5 6. e4 {[%emt 0:01:02] E20: Nimzo-Indian: 4 g3 and 4 f3.} O-O 7. Nh3 bxc4 8. Bxc4 exd5 9. Bxd5 Nxd5 10. Qxd5 Ba6 11. Bf4 Nc6 12. Kf2 Ba5 13. Rhd1 Nb4 14. Qd6 Bb6 15. Kg3 Re8 $146 ({Predecessor:} 15... Nc2 16. Rac1 Nd4 17. Kf2 Re8 18. Na4 Ne2 19. Rc2 Nxf4 20. Nxf4 Bc7 21. Qxa6 Qh4+ {0-1 Bobkov,V (2341)-Drygalov,S (2500) Cheliabinsk Panchenko Memorial op-A 2021 (2)}) 16. Qxd7 Qf6 17. Rd6 Re6 18. Rad1 h6 19. a3 Nd3 20. R1xd3 (20. R6xd3 $11 Qg6+ (20... Rd8 $2 21. Qxd8+ Bxd8 22. Rxd8+ $18) 21. Kh4 (21. Kf2 Bxd3 22. Bc7 c4+ 23. Bxb6 Rxb6 $19) 21... Bxd3 (21... Rd8 $2 22. Qxd8+ Bxd8+ 23. Rxd8+ $18) 22. Qxd3 (22. Rxd3 $2 Qxg2 23. Qd5 Bd8+ 24. Qxd8+ Rxd8 $19) 22... Qf6+ 23. Kg3 Qg6+ 24. Kh4 Qxg2 25. Rd2) 20... Bxd3 $15 (20... Qg6+ {is more complex.} 21. Kf2 Bxd3 22. Nd5 Rd8) 21. Rxb6 (21. Rxd3 $2 Rd8 22. Qb5 Qg6+ 23. Kf2 Rxd3 $19) (21. Rxe6 fxe6 22. Bc7 (22. Qxd3 $2 Qg6+ $19) 22... Bf1 $19) (21. Nd5 $1 $15 Qg6+ (21... Qxb2 $2 22. Rxe6 Qb5 23. Qxb5 $18) 22. Kf2) 21... Rxb6 $17 22. Qxd3 Rxb2 23. e5 Qe6 24. Qe4 Rd8 $2 (24... Re8 $1 $19 {Threatens to win with ...g5.} 25. Nd5 Qg6+ 26. Qxg6 fxg6) 25. Bc1 $1 $11 Rbb8 (25... Rb6 $5 26. Nf4 $8 Qb3 $14) 26. Nf4 Qb3 27. Nfd5 Re8 {[%emt 0:01:14] [#]} ({Black should play} 27... Kh8 $14) 28. h3 $2 (28. Bxh6 $1 $18 {Intending Qg4 and mate.} Re6 (28... gxh6 $2 29. Nf6+ Kf8 30. Qh7 $18) 29. Bg5) 28... Rb6 $2 (28... Rbd8 $11 {and Black has nothing to worry.}) 29. Kh2 $18 (29. Nxb6 $2 Qxc3 30. e6 (30. Qa4 $2 Qxe5+ 31. Bf4 Qe1+ 32. Kh2 axb6 $19) 30... axb6 31. exf7+ Kxf7 32. Qd5+ Kf6 33. Qd6+ Re6 34. Qd8+ Kg6 $19) 29... Rbe6 {[%emt 0:00:32] [#]} 30. f4 $1 a5 31. a4 f6 $2 (31... Kh8 32. Be3 f6 33. Bxc5 Qb8) 32. Be3 $18 c4 33. Bc5 Kh8 34. Bd4 $2 (34. Qf5 $18 fxe5 35. Qf7 (35. Nc7 Qxc3 36. Nxe6 exf4 $11) 35... exf4 36. Bf8 (36. Be7 R8xe7 37. Qf8+ Kh7 $17) 36... Rxf8 37. Qxf8+ Kh7 38. Qf5+ (38. Nxf4 Rf6 $11) (38. Qxf4 Qc2 $14) 38... Rg6 39. Nxf4 (39. Qxf4 Qc2 $11) 39... Qxc3 40. Nxg6 (40. Qxg6+ Kh8 $18)) 34... fxe5 $2 (34... Qb8 $16) 35. fxe5 $18 Qb7 36. Qe3 Qf7 37. Nf4 R6e7 $2 (37... Rd6 {was necessary.} 38. Nb5 (38. exd6 Rxe3 39. Bxe3 Kg8 $16) 38... Rc6) 38. Qe4 $18 ({Don't play} 38. Ncd5 Qf5 39. Nxe7 Rxe7) 38... Kg8 (38... Re6 $142 39. Nxe6 Qxe6) 39. Ncd5 $18 Re6 40. Nxe6 Rxe6 41. Nf4 Re8 42. e6 Qc7 43. Be5 Qc5 44. Bxg7 Qg5 45. Bc3 h5 46. Nd5 h4 47. Nf6+ Kf8 48. Nh7+ 1-0

[Event "Fagernes Chess GM-Swiss 2024"]
[Site "Fagernes"]
[Date "2024.03.27"]
[Round "4.10"]
[White "Raja Rithvik R"]
[Black "Audi Ameya"]
[Result "1-0"]
[ECO "A34"]
[WhiteElo "2532"]
[BlackElo "2378"]
[Annotator "TA"]
[PlyCount "63"]
[EventDate "2024.03.25"]
[EventType "swiss"]
[EventCountry "NOR"]
[SourceTitle "playchess.com"]
[Source "ChessBase"]
[SourceQuality "1"]
[TimeControl "40/6000+30:2400+30"]

1. Nf3 Nf6 2. c4 c5 3. Nc3 d5 4. cxd5 Nxd5 5. e3 Nxc3 6. bxc3 g6 7. Ba3 Qc7 8. h4 h6 9. d4 {[%emt 0:03:42] The position is equal.} Bg7 {[%emt 0:10:54] ...cxd4 is the strong threat.} 10. Qb3 cxd4 (10... b6 $11) 11. cxd4 $14 Be6 12. Bb5+ Nc6 13. Qd3 (13. Qb2 $11) 13... Bd5 (13... a6 $1 $15 14. Bxc6+ Qxc6) 14. O-O $11 a6 15. Bc4 Nb4 16. Bxb4 Bxc4 (16... Qxc4 $14 17. Qxc4 Bxc4) 17. Rfc1 $16 {[%emt 0:01:42] White now steadily converts the win.} Rc8 18. Qa3 $36 {[%emt 0:05:44][%mdl 2048] Black is under strong pressure. White is more active.} Qd7 (18... Qd8 $16 {was called for.}) 19. Nd2 $18 Bd5 (19... b5 20. Nxc4 (20. Qxa6 Rc6 $18) 20... bxc4 21. Qxa6 Qc6 22. Qxc6+ Rxc6) 20. Rxc8+ Qxc8 21. Bxe7 {[%emt 0:00:03] Black must now prevent Rc1.} Qg4 $2 (21... f5 22. Rc1 Qd7) 22. f3 (22. e4 $142 Bc6 23. Bc5) 22... Qd7 {[%emt 0:02:23] [#]} (22... Qe6 $142 23. Bc5 b6) 23. Rc1 $1 f5 {[%emt 0:02:35] Black is weak on the dark squares} (23... Qxe7 $2 {is the wrong capture.} 24. Rc8+ Kd7 25. Rc7+ Kxc7 26. Qxe7+ Kc8 27. Qc5+ Bc6 28. d5 $18) 24. Bd6 {[%emt 0:00:40] aiming for Rc7.} Bf8 $2 (24... Qe6 25. Rc7 Bf6) 25. Bxf8 Rxf8 26. Rc5 Rf6 $2 (26... b6) 27. e4 fxe4 28. fxe4 Bxa2 29. d5 {[%emt 0:00:41][%cal Oa3c3] [#] And now Qc3! would win.} Qd6 30. Qc3 Qf4 31. Nf3 Kd7 32. e5 {[%emt 0:02:18] Weighted Error Value: White=0.40/Black=0.83.  Mistake:       	White=2     	Black=9      Inaccurate:     	White=2     	Black=1      OK:         	White=8     	Black=4      Best:        	White=4     	Black=2} 1-0